 Dungeon Sprint DCSS version 0.19.0-24-gb05acd6 (webtiles) character file.

1201 equalderp2856 the Gouger (level 8, 0/40 HPs)
             Began as a Felid Fighter on Nov 21, 2016.
             Slain by a polar bear (3 damage)
             ... in the Dungeon (Sprint II: "The Violet Keep of Menkaure").
             The game lasted 00:09:09 (712 turns).

equalderp2856 the Gouger (Felid Fighter)             Turns: 712, Time: 00:09:09

Health: 0/40       AC:  2    Str: 11 (12) XL:     8   Next: 21%
Magic:  9/9        EV: 27    Int:  8      God:
Gold:   1100       SH:  0    Dex: 17      Spells: 0 memorised, 7 levels left
                                        Lives:  0   Deaths: 2

rFire  . . .     SeeInvis +       - Unarmed
rCold  . . .     Gourm    .     (armour unavailable)
rNeg   . . .     Faith    .     (shield unavailable)
rPois  .         Spirit   .     (helmet unavailable)
rElec  .         Reflect  .     (cloak unavailable)
rCorr  .         Harm     .     (gloves unavailable)
MR     +....     NoTele   +     (boots unavailable)
Stlth  ++++++....               m - amulet of regeneration
                                (no ring)
                                n - ring of wizardry

@: quick
A: no armour, no weapons or thrown items, stealth, claws 1, fangs 3, see
invisible, carnivore 3, deterioration 1, dopey 1, speed 1, shaggy fur 2, slow
metabolism 1, sharp paws
a: no special abilities


You were in the Dungeon.
You were not hungry.

You visited 1 branch You collected 1142 gold pieces.
You spent 42 gold pieces at shops.

Inventory:

Missiles
 p - 31 poisoned needles
Jewellery
 m - an amulet of regeneration (around neck)
 n - a ring of wizardry (left paw)
Scrolls
 g - 3 scrolls of enchant armour {unknown}
 j - 5 scrolls of identify
 k - 2 scrolls of amnesia {unknown}
 l - 2 scrolls of remove curse {unknown}
Potions
 a - a potion of resistance
 d - a potion of brilliance
 e - 5 potions of haste
 f - 5 potions of magic
 o - 3 potions of flight
Comestibles
 b - 2 meat rations


   Skills:
 + Level 7.8 Fighting
 + Level 11.5 Dodging
 * Level 13.3 Stealth
 + Level 14.5 Unarmed Combat


You had 7 spell levels left.
You didn't know any spells.

Dungeon Overview and Level Annotations

Branches:
Dungeon (1/1)

Altars:
Cheibriados
Dithmenos
Elyvilon
Fedhas
Gozag
Hepliaklqana
Kikubaaqudgha
Makhleb
Nemelex Xobeh
Okawaru
Qazlal
Ru
Sif Muna
Trog
Uskayaw
Vehumet
Xom
Yredelemnul
Zin
The Shining One
Beogh
Jiyva
Lugonu

Shops:
D =!:%*[%([:?![[=}

Annotations:
D exclusions: ice statue and oklob plant, Roxanne


Innate Abilities, Weirdness & Mutations

You cannot wear armour.
You are incapable of wielding weapons or throwing items.
Your paws allow you to move quietly. (Stealth)
You have sharp claws.
You have razor-sharp teeth.
You have supernaturally acute eyesight. (SInv)
You are carnivorous and can eat meat at any time.
You cover ground quickly.
You are covered in thick fur. (AC +2)
You have a slow metabolism.
Your sharp claws are effective at attacking unaware monsters.
Your body sometimes deteriorates upon taking damage.
You are dopey. (Int -2)


Message History

The polar bear misses you.
You scratch the polar bear.
The polar bear is lightly wounded.
The polar bear bites you!
* * * LOW HITPOINT WARNING * * *
The polar bear closely misses you. The polar bear completely misses you.
It was a potion of cancellation.
Your magical effects are unravelling.
You feel magically purged.
You feel a little less clever now. The polar bear barely misses you.
The polar bear claws you.
* * * LOW HITPOINT WARNING * * *
The polar bear completely misses you.
Okay, then.
You scratch the polar bear but do no damage.
The polar bear is lightly wounded.
The polar bear misses you. The polar bear claws you.
* * * LOW HITPOINT WARNING * * *
The polar bear claws you.
You die...

#..#....#,,#...####▓.)(.(...▓▓,,,
..####..##*##..#*$#▓(..[.)..▓▓,,,
'###.##..#,,+..#,.#▓[[.[...[▓▓,,,
†##...#..#,,#..#,.#▓..).....▓▓,⌠,
<.'†##'..####..##.#▓..).[...▓▓,,,
.####.#....###...##▓▓▓▓▓▓▓'▓▓▓▓+▓
'###†##......≈≈Tc≈≈≈≈≈≈≈≈≈...X≈≈▓
..####≈≈.....≈#h########'###.≈≈≈▓
#..#≈≈≈≈≈≈≈..≈#.@..._._#†≈§##≈≈≈▓
..##≈≈≈≈≈≈≈≈.≈#...._._.#≈§§§####▓
'##≈≈≈≈§§≈§≈≈≈#..._._._#≈§≈≈§##$$
≈≈≈≈≈§≈≈§§≈≈§≈#.._._._.#≈§≈§§≈#$.
#+++#≈≈≈≈§≈§§≈#._._._._#§§≈≈§≈§$$
§§§≈##§§§###≈§#_._._._.#§§§≈≈≈#$.
§≈≈§≈**≈≈*,#≈≈#._._._..#≈§§§§≈▓,,
8≈§≈§≈+≈≈#+#§§#.._._...#§≈≈≈▓▓▓▓*
§§§§§##≈≈≈≈≈≈≈##########§§≈≈▓.z.≈


You could see a deep troll, a polar bear and a yaktaur.

Vanquished Creatures
  A deep troll (D)
  A siren (D)
  A polar bear (D)
  A hornet (D)
  Menkaure (D)
  4 neqoxecs (D)
  4 crocodiles (D)
  4 worker ants (D)
  3 worms (D)
20 creatures vanquished.

Vanquished Creatures (others)
  A crocodile (D)
  12 tentacles (D)
13 creatures vanquished.

Grand Total: 33 creatures vanquished

Notes
Turn   | Place    | Note
-------+----------+-------------------------------------------
     0 | D        | equalderp2856 the Felid Fighter began the quest for the Orb.
     0 | D        | Reached XP level 1. HP: 10/10 MP: 2/2
    10 | D        | Reached skill level 5 in Unarmed Combat
    20 | D        | Noticed a neqoxec
    20 | D        | Noticed a neqoxec
    20 | D        | Noticed a neqoxec
    20 | D        | Noticed a neqoxec
    22 | D        | Noticed an iron imp
    26 | D        | Noticed a quasit
    28 | D        | Killed a neqoxec
    28 | D        | Reached skill level 5 in Stealth
    28 | D        | Reached skill level 8 in Unarmed Combat
    28 | D        | Reached XP level 2. HP: 2/15 MP: 3/3
    28 | D        | Reached XP level 3. HP: 3/19 MP: 4/4
    28 | D        | Reached XP level 4. HP: 3/22 MP: 5/5
    32 | D        | Gained mutation: Your body sometimes deteriorates upon taking damage. [a neqoxec]
    35 | D        | Gained mutation: You are dopey. (Int -2) [a neqoxec]
    38 | D        | Killed a neqoxec
    38 | D        | Reached skill level 5 in Fighting
    38 | D        | Reached skill level 9 in Unarmed Combat
    38 | D        | Reached XP level 5. HP: 5/27 MP: 6/6
    42 | D        | Killed a neqoxec
    42 | D        | Reached skill level 10 in Unarmed Combat
    42 | D        | Gained mutation: You are covered in thick fur. (AC +2) [Felid growth]
    42 | D        | Reached XP level 6. HP: 15/31 MP: 7/7
    48 | D        | Slain by a neqoxec
    49 | D        | Reached XP level 5. HP: 0/27 MP: 6/6
    53 | D        | Noticed Menkaure
    53 | D        | Noticed a crocodile
    55 | D        | Noticed an ice statue
    58 | D        | Found Looqyfoi's Jewellery Shoppe.
    58 | D        | Found Biboom's Gadget Emporium.
    59 | D        | Killed a crocodile
    59 | D        | Reached skill level 11 in Unarmed Combat
    59 | D        | Reached XP level 6. HP: 31/31 MP: 7/7
    70 | D        | Killed a neqoxec
    72 | D        | Noticed a siren
    79 | D        | Killed a siren
    79 | D        | Reached skill level 10 in Stealth
    79 | D        | Reached skill level 12 in Unarmed Combat
    79 | D        | Reached XP level 7. HP: 36/36 MP: 8/8
   105 | D        | Reached skill level 10 in Dodging
   130 | D        | Noticed Roxanne
   136 | D        | Found Kiybrih's Antique Armour Shoppe.
   138 | D        | Found Citywne's Distillery.
   140 | D        | Found Fyxzol's Book Shoppe.
   141 | D        | Found Haudghog's Antique Armour Shoppe.
   141 | D        | Found Waitway's Antique Armour Emporium.
   142 | D        | Found Viomott's Magic Scroll Shoppe.
   142 | D        | Found Oshi Yna's Antique Weapon Emporium.
   143 | D        | Found Igyox's Food Shoppe.
   143 | D        | Found Qozxaq's Armour Emporium.
   144 | D        | Noticed a shining eye
   147 | D        | Noticed a shining eye
   158 | D        | Found Faydy's Assorted Antiques.
   158 | D        | Found Taorod's Food Emporium.
   158 | D        | Noticed a shining eye
   158 | D        | Noticed an oklob plant
   159 | D        | Found Godamouh's Distillery.
   159 | D        | Found Gaeruiga's Jewellery Emporium.
   159 | D        | Found Axkujoy's Book Shoppe.
   160 | D        | Noticed a hippogriff
   161 | D        | Noticed a hippogriff
   161 | D        | Noticed a hippogriff
   163 | D        | Noticed an iron elemental
   166 | D        | Noticed a flying skull
   168 | D        | Noticed a flying skull
   190 | D        | Bought a scroll of magic mapping for 42 gold pieces
   237 | D        | Found a roughly hewn altar of Beogh.
   238 | D        | Found a snail-covered altar of Cheibriados.
   239 | D        | Found a shadowy altar of Dithmenos.
   239 | D        | Found a viscous altar of Jiyva.
   240 | D        | Found a white marble altar of Elyvilon.
   240 | D        | Found an ancient bone altar of Kikubaaqudgha.
   241 | D        | Found a blossoming altar of Fedhas.
   241 | D        | Found a corrupted altar of Lugonu.
   241 | D        | Found a deep blue altar of Sif Muna.
   242 | D        | Found an opulent altar of Gozag.
   242 | D        | Found a burning altar of Makhleb.
   242 | D        | Found a bloodstained altar of Trog.
   243 | D        | Found a sparkling altar of Nemelex Xobeh.
   243 | D        | Found a hide-covered altar of Uskayaw.
   244 | D        | Found a glowing silver altar of Zin.
   245 | D        | Found an iron altar of Okawaru.
   245 | D        | Found a radiant altar of Vehumet.
   245 | D        | Found a glowing golden altar of the Shining One.
   245 | D        | Found a hazy altar of Hepliaklqana.
   245 | D        | Found a sacrificial altar of Ru.
   245 | D        | Found a basalt altar of Yredelemnul.
   246 | D        | Found a stormy altar of Qazlal.
   246 | D        | Found a shimmering altar of Xom.
   256 | D        | Noticed a kraken
   260 | D        | Killed Menkaure
   546 | D        | Reached skill level 13 in Unarmed Combat
   554 | D        | Reached XP level 8. HP: 40/40 MP: 9/9
   557 | D        | Noticed a flying skull
   557 | D        | Noticed a flying skull
   557 | D        | Noticed a flying skull
   558 | D        | Noticed a flying skull
   558 | D        | Noticed a flying skull
   561 | D        | Noticed a flying skull
   612 | D        | Noticed an obsidian statue
   633 | D        | Noticed a deep troll
   634 | D        | Noticed a deep troll
   649 | D        | Noticed a yaktaur
   649 | D        | Noticed a hornet
   649 | D        | Noticed a polar bear
   650 | D        | Noticed a polar bear
   651 | D        | Noticed a polar bear
   663 | D        | Killed a deep troll
   663 | D        | Reached skill level 14 in Unarmed Combat
   668 | D        | Noticed a death drake
   675 | D        | Noticed a deep elf master archer
   678 | D        | Noticed a death yak
   680 | D        | Mangled by a death yak
   681 | D        | Reached XP level 7. HP: -12/36 MP: 8/8
   701 | D        | Killed a polar bear
   701 | D        | Reached XP level 8. HP: 39/40 MP: 9/9
   707 | D        | Killed a hornet
   712 | D        | Slain by a polar bear

Skill      XL: |  1  2  3  4  5  6  7  8 |
---------------+-------------------------+-----
Unarmed Combat | 8 9 11 12 13 14 | 14.5
Fighting       | 4 5 6 7 |  7.8
Dodging        | 6 7 8 9 10 11 | 11.5
Stealth        | 5 7 9 10 13 12 | 13.3

Action                   |  1- 3 |  4- 6 |  7- 9 || total
-------------------------+-------+-------+-------++-------
Melee: Unarmed           |    13 |    26 |    58 ||    97
       Bite              |     3 |     2 |     7 ||    12
       Punch             |       |       |     4 ||     4
  Use: Potion            |     2 |     2 |     5 ||     9
       Scroll            |       |       |     5 ||     5
 Stab: Sleeping          |       |     2 |     2 ||     4
Armor: Skin              |       |     1 |     1 ||     2
Dodge: Dodged            |     5 |    30 |    67 ||   102
